 Dungeon Crawl Stone Soup version 0.31.0-11-ge490571c62 (webtiles) character file.

Game seed: 16959532169791400438

259 booth the Chopper (level 6, -1/56 HPs)
             Began as a Hill Orc Monk on Feb 5, 2024.
             Slain by Grinder (2 damage)
             ... while paralysed by Grinder
             ... on level 4 of the Dungeon.
             The game lasted 00:13:47 (2630 turns).

booth the Chopper (Hill Orc Monk)                   Turns: 2630, Time: 00:13:48

Health: -1/56      AC:  8    Str: 16    XL:     6   Next: 17%
Magic:  6/6        EV:  2    Int: 10    God:
Gold:   203        SH:  0    Dex: 13    Spells: 5/5 levels left

rFire   . . .        a - +1 hand axe
rCold   . . .        d - orb {light}
rNeg    . . .        p - +1 ring mail
rPois   .            s - +2 hat
rElec   .            (no cloak)
rCorr   .            (no gloves)
SInv    .            (no boots)
Will    .....        (no amulet)
Stlth   +            (no ring)
HPRegen 0.29/turn    (no ring)
MPRegen 0.10/turn

%: no passive effects
@: paralysed, glowing
A: no striking features
a: no special abilities


You were on level 4 of the Dungeon.
You visited 1 branch of the dungeon, and saw 4 of its levels.

You collected 203 gold pieces.

Inventory:

Hand Weapons
 a - a +1 hand axe (weapon)
 l - a +0 mace
Missiles
 o - 3 javelins (quivered)
Armour
 d - an orb of light (worn)
 p - a +1 ring mail (worn)
 s - a +2 hat (worn)
Wands
 m - a wand of flame (49)
Scrolls
 b - a scroll of teleportation
 e - a scroll of fog
 k - a scroll of fear {unknown}
 u - a scroll of brand weapon {unknown}
Potions
 c - a potion of ambrosia
 f - a potion of haste {unknown}
 h - 3 potions of enlightenment
 i - 2 potions of lignification
 q - a potion of might {unknown}
 r - a potion of cancellation {unknown}
 t - a potion of degeneration {unknown}


   Skills:
 + Level 5.1 Fighting
 * Level 6.8 Axes
 + Level 3.5 Dodging


You had 5 spell levels left.
You didn't know any spells.
Your spell library contained the following spells:

 Spells                   Type           Power      Damage    Failure   Level
 Chain Lightning          Conj/Air       0%         N/A       100%        9
 Fire Storm               Conj/Fire      0%         5d1       100%        9
 Shatter                  Erth           0%         3d5*      100%        9


Dungeon Overview and Level Annotations

Branches:
Dungeon (4/15)
 Temple: D:4-7

Altars:
Ru
The Shining One

Annotations:
D:4 Grinder


Message History

Grinder gestures at you.
You shrug off the repeated paralysis!
You can move again.
You barely miss Grinder.
Grinder is moderately wounded.
Grinder completely misses you.
You closely miss Grinder.
Grinder is moderately wounded.
Grinder hits you.
You writhe in agony.
You hit Grinder.
Grinder is moderately wounded.
Grinder barely misses you.
You hit Grinder.
Grinder is moderately wounded.
Grinder hits you but does no damage.
You slash Grinder!
Grinder is heavily wounded.
Grinder hits you but does no damage.
You barely miss Grinder.
Grinder is heavily wounded.
Grinder gestures at you. Pain shoots through your body!
You hit Grinder but do no damage.
Grinder is heavily wounded.
Grinder hits you.
You writhe in agony.
You barely miss Grinder.
Grinder is heavily wounded.
Grinder gestures at you.
You suddenly lose the ability to move!
Grinder hits you!
* * * LOW HITPOINT WARNING * * *
You writhe in agony.
* * * LOW HITPOINT WARNING * * *
Grinder hits you!
* * * LOW HITPOINT WARNING * * *
You hear the slow hiss of an avalanche of sand nearby.
Grinder says, "Tell me all your secrets, or I'll kill you."
Grinder hits you.
You die...
Grinder says, "Hey, I wasn't done torturing you yet!"

#####.# ..
######.......
..## ###(..5@.#
...J.# #.†.######
......##.### ...
#..5.# ....##...#
###..#...#
........5#######.
..##.............
>........<.......


You could see Grinder.

Vanquished Creatures
  A vampire bat (D:3)
  Jessica (D:2)
  Ijyb (D:3)
  An adder (D:2)
  2 dart slugs
  3 fire bats (D:3)
  A ribbon worm (D:3)
  An orc (D:3)
  2 spectral bats (D:3)
  4 ball pythons
  3 bat skeletons (D:3)
  A bat zombie (D:3)
  12 endoplasms
  6 giant cockroaches
  2 hobgoblins
  2 jackals (D:3)
  4 quokkas
  18 bats
  A bat simulacrum (D:3)
  3 frilled lizards (D:2)
  4 goblins
  4 kobolds
  10 rats
87 creatures vanquished.

Notes
Turn   | Place    | Note
-------+----------+-------------------------------------------
     0 | D:1      | booth the Hill Orc Monk began the quest for the Orb.
     0 | D:1      | Reached XP level 1. HP: 19/19 MP: 1/1
    80 | D:1      | Reached XP level 2. HP: 25/27 MP: 2/2
    81 | D:1      | Found a faded altar of an unknown god.
    81 | D:1      | Noticed a great orb of eyes
    85 | D:1      | Noticed an eye of devastation
    86 | D:1      | Noticed a golden eye
    86 | D:1      | Noticed a shining eye
   339 | D:1      | Reached XP level 3. HP: 31/33 MP: 3/3
   744 | D:2      | Noticed Jessica
   754 | D:2      | Reached skill level 5 in Axes
   772 | D:2      | Killed Jessica
   773 | D:2      | Reached XP level 4. HP: 22/40 MP: 4/4
  1849 | D:3      | Found a sacrificial altar of Ru.
  1942 | D:3      | Found a glowing golden altar of the Shining One.
  2060 | D:3      | Noticed Ijyb
  2080 | D:3      | Killed Ijyb
  2081 | D:3      | Reached skill level 6 in Axes
  2081 | D:3      | Reached XP level 5. HP: 16/47 MP: 5/5
  2412 | D:3      | Reached skill level 5 in Fighting
  2412 | D:3      | Reached XP level 6. HP: 53/56 MP: 6/6
  2586 | D:4      | Noticed Grinder
  2610 | D:4      | Paralysed by Grinder for 4 turns
  2618 | D:4      | Paralysed by Grinder for 2 turns
  2627 | D:4      | Paralysed by Grinder for 4 turns
  2629 | D:4      | HP: 1/56 [Grinder (9)]
  2630 | D:4      | Slain by Grinder

Illustrated notes

Levels and vault maps discovered:
D:1:      zelgadis_glass_arrival_small, layout_basic,
          hellmonk_ecumenical_altar_watching_god, serial_corexii_hall,
          corexii_hall_statues_x, corexii_hall_statues_i
D:2:      layout_loops_ring, uniq_jessica
D:3:      layout_rooms, tso_altar, amcnicky_altar_gilded, goddamned_bats,
          uniq_ijyb
D:4:      layout_rooms, mainiacjoe_ossuary_entry_find_the_door, uniq_grinder

Skill      XL: |  1  2  3  4  5 |
---------------+----------------+-----
Fighting       | 4 5 |  5.1
Axes           | 5 6 |  6.8
Dodging        | 3 |  3.5

Action                     |  1- 3 |  4- 6 || total
---------------------------+-------+-------++-------
  Melee: Hand axe          |    79 |   139 ||   218
  Throw: Javelin           |       |     5 ||     5
    Use: Scroll            |     2 |     4 ||     6
         Potion            |       |     1 ||     1
 Armour: Robe              |    25 |       ||    25
         Leather armour    |    10 |    98 ||   108
         Ring mail         |       |    12 ||    12
  Dodge: Dodged            |    56 |    94 ||   150
